AoeStats
← PILA DE FAMA

Arena

507268152Analyzed
2v2 RM · 16d ago on Sep 17, 2026· 17m 48s· 4 players
Game mode
Random Map
Map size
Medium (4 player)
Population
200
Speed
Normal
Resources
Standard
Victory
Conquest
Starting age
Dark Age
Ending age
Imperial Age
RankedLock teamsTeams togetherTeam positionsShared explorationLock speedFull tech treeHidden civsTurbo modeCheats
Victory
Defeat
🇨🇳 Sicilians · China
1048
+12
🇨🇳 Cumans · China
1015
+14
🇦🇷 Spanish · Argentina
1003
-15
🇦🇷 Franks · Argentina
923
-11
PILA DE FAMA
10:56 Feudal Age
15:37 Castle Age
14:29 Double-Bit Axe
15:45 Loom
Tussi Sabes
12:03 Feudal Age
16:33 Castle Age
15:35 Double-Bit Axe
我人麻了啊
6:58 Loom
9:30 Feudal Age
9:44 Feudal Age
10:45 Double-Bit Axe
12:07 Horse Collar
KIM357
9:47 Feudal Age
8:47 Loom
10:27 Double-Bit Axe
15:03 Gold Mining
Connection lost

Rejoining the realm…

Still unreachable

The connection could not be restored.

Session expired

The server has moved on; the page needs a fresh start.